 Dungeon Sprint DCSS version 0.24-a0-439-g6dd8730de2 (webtiles) character file.

Game seed: 7560513084225770659

445 mahrnol the Fighter (level 6, -3/66 HPs)
             Began as a Minotaur Fighter on June 18, 2019.
             Slain by a slime creature (15 damage)
             ... in the Dungeon (Sprint I: "Red Sonja").
             The game lasted 00:02:20 (466 turns).

mahrnol the Fighter (Minotaur Fighter)               Turns: 466, Time: 00:02:21

Health: -3/66      AC:  8    Str: 23    XL:     6   Next: 72%
Magic:  5/5        EV:  8    Int:  5    God:
Gold:   312        SH: 11    Dex:  9    Spells: 5/5 levels left

rFire    . . .     SeeInvis .   a - +0 flail
rCold    . . .     Gourm    .   c - +0 shield
rNeg     . . .     Faith    .   b - +0 scale mail
rPois    .         Spirit   .   (helmet restricted)
rElec    .         Reflect  .   (no cloak)
rCorr    .         Harm     .   (no gloves)
MR       .....     NoTele   +   (no boots)
Stlth    ..........             (no amulet)
HPRegen  0.21/turn              (no ring)
MPRegen  0.09/turn              (no ring)

@: no status effects
A: retaliatory headbutt, horns 2
a: no special abilities


You were in the Dungeon.
You were not hungry.

You visited 1 branch You collected 312 gold pieces.

Inventory:

Hand Weapons
 a - a +0 flail (weapon)
 l - a +1 scythe of protection
Missiles
 m - 12 poisoned darts (quivered)
Armour
 b - a +0 scale mail (worn)
 c - a +0 shield (worn)
Scrolls
 k - a scroll of blinking
Potions
 d - a potion of might
 e - a potion of curing
 g - a potion of heal wounds
 h - a potion of haste
 i - 2 potions of magic
 j - a potion of berserk rage
Comestibles
 f - a ration


   Skills:
 + Level 9.9 Fighting
 + Level 8.4 Maces & Flails
 + Level 9.7 Armour
 + Level 9.3 Shields


You had 5 spell levels left.
You didn't know any spells.
Your spell library was empty.

Dungeon Overview and Level Annotations

Branches:
Dungeon (1/1)

Altars:
Cheibriados
Dithmenos
Elyvilon
Fedhas
Gozag
Hepliaklqana
Kikubaaqudgha
Makhleb
Nemelex Xobeh
Okawaru
Qazlal
Ru
Sif Muna
Trog
Uskayaw
Vehumet
Wu Jian
Xom
Yredelemnul
Zin
The Shining One
Jiyva
Lugonu

Shops:
D [


Innate Abilities, Weirdness & Mutations

You reflexively headbutt those who attack you in melee.
You have a pair of horns on your head.


Message History

The slime creature is moderately wounded.
You block the slime creature's attack.
You thump the slime creature! You headbutt the slime creature.
The slime creature is heavily wounded.
The slime creature hits you!
You hit the slime creature.
The slime creature is heavily wounded.
The slime creature hits you!
You sock the slime creature!
The slime creature is severely wounded.
The slime creature hits you!
* * * LOW HITPOINT WARNING * * *
You sock the slime creature!
The slime creature is almost dead.
The slime creature hits you.
* * * LOW HITPOINT WARNING * * *
You barely miss the slime creature.
The slime creature is almost dead.
The slime creature hits you!
You die...

###################
#<.#..)..#..'..#__#
#..').#..'[.#.@J..+
#..#####'#####'#__# ##
#..####..#...#.####§[#
#..#__####..##.#≈≈§§c#
#..#_____##'#_.+≈§§..+
#⌠⌠#_.∩...'..._#≈§§§c#
####_..__##_.#'##+###
#_____###+#.# #######
###


You could see a slime creature.

Vanquished Creatures
  Sigmund (D)
  A yak (D)
  An ogre (D)
  A jelly (D)
  Ijyb (D)
5 creatures vanquished.

Vanquished Creatures (others)
  A gargoyle (D)
1 creature vanquished.

Grand Total: 6 creatures vanquished

Notes
Turn   | Place    | Note
-------+----------+-------------------------------------------
     0 | D        | mahrnol the Minotaur Fighter began the quest for the Orb.
     0 | D        | Reached XP level 1. HP: 19/19 MP: 0/0
     2 | D        | Noticed Ijyb
     8 | D        | Killed Ijyb
     8 | D        | Reached skill level 5 in Fighting
     8 | D        | Reached skill level 5 in Armour
     8 | D        | Reached skill level 5 in Shields
     8 | D        | Reached XP level 2. HP: 28/29 MP: 1/1
    16 | D        | Noticed an ogre
    21 | D        | Killed an ogre
    21 | D        | Reached XP level 3. HP: 19/39 MP: 2/2
    21 | D        | Reached XP level 4. HP: 23/47 MP: 3/3
   150 | D        | Killed a gargoyle
   176 | D        | Noticed Sigmund
   193 | D        | Killed Sigmund
   193 | D        | Reached XP level 5. HP: 22/56 MP: 4/4
   193 | D        | Reached XP level 6. HP: 25/62 MP: 5/5
   388 | D        | Found a deep blue altar of Sif Muna.
   389 | D        | Found an ornate altar of the Wu Jian Council.
   390 | D        | Found a radiant altar of Vehumet.
   414 | D        | Found Tisapasi's Antique Armour Emporium.
   414 | D        | Found an ancient bone altar of Kikubaaqudgha.
   414 | D        | Found a hazy altar of Hepliaklqana.
   414 | D        | Found a stormy altar of Qazlal.
   414 | D        | Found a hide-covered altar of Uskayaw.
   414 | D        | Found a blossoming altar of Fedhas.
   414 | D        | Found a bloodstained altar of Trog.
   414 | D        | Found an iron altar of Okawaru.
   414 | D        | Found a basalt altar of Yredelemnul.
   414 | D        | Found a glowing golden altar of the Shining One.
   414 | D        | Found a snail-covered altar of Cheibriados.
   414 | D        | Found a sacrificial altar of Ru.
   414 | D        | Found a glowing silver altar of Zin.
   414 | D        | Found a shadowy altar of Dithmenos.
   414 | D        | Found a white marble altar of Elyvilon.
   414 | D        | Noticed a yak
   423 | D        | Killed a yak
   424 | D        | Found an opulent altar of Gozag.
   425 | D        | Found a sparkling altar of Nemelex Xobeh.
   438 | D        | Noticed a centaur warrior
   441 | D        | Noticed a centaur warrior
   455 | D        | Found a viscous altar of Jiyva.
   455 | D        | Found a corrupted altar of Lugonu.
   455 | D        | Noticed a slime creature
   456 | D        | Found a burning altar of Makhleb.
   456 | D        | Found a shimmering altar of Xom.
   466 | D        | Slain by a slime creature

Levels and vault maps discovered:
D:        dungeon_sprint_1 [red_sonja_temple_1, red_sonja_temple_small_1]

Skill      XL: |  1  2  3  4  5  6 |
---------------+-------------------+-----
Fighting       | 5 7 8 9 |  9.9
Maces & Flails | 3 4 6 8 |  8.4
Armour         | 5 6 8 9 |  9.7
Shields        | 5 6 8 9 |  9.3

Action                   |  1- 3 |  4- 6 || total
-------------------------+-------+-------++-------
Melee: Flail             |    10 |    34 ||    44
       Headbutt          |     1 |     6 ||     7
Armor: Scale mail        |     1 |     1 ||     2
Dodge: Dodged            |     5 |     7 ||    12
Block: Shield            |     3 |     8 ||    11

Table legend:
 A = Non-vault XP
 B = Vault XP
 C = Vault XP percentage of total XP
 D = Non-vault monster count
 E = Vault monster count
 F = Vault count percentage of total count
                 A         B        C        D         E       F
            +---------+---------+-------+---------+---------+-------
      Total |       0 |     637 | 100.0 |       0 |       5 | 100.0
            +---------+---------+-------+---------+---------+-------
          D |       0 |     637 | 100.0 |       0 |       5 | 100.0
            +---------+---------+-------+---------+---------+-------
